Unix NetHack Version 3.7.0-59 Work-in-progress - last build May 25 2022 12:07:00 (5f964a4ca35ee0fc00824f52a09306978f6a0dc5,branch:master). Game began 2022-05-26 09:25:15, ended 2022-05-26 09:41:43. elenmirie, neutral female gnomish Healer --- --.-- --- -- |...---.-- ---- | --- --.----|........| |..--- .... --..----.....--...."...| |....| --- -.......... |@..f.........- --.|.| ----.-- -.............|.......---.....|--.|.| |...<.-- |...........^..| |.....|...|.--- |.|....| --............-- |....|....|...-- ---.|...-- |.........---- --.--|.------..| |...|-.-- ---....--.| --- |.| --.------.---|.-- ----- |.| |.|-- |....|...| |..| |.| |.|.-- ---....-------.| ----.| |....-- |....||..|--.| --....------------.....| |....--*.||..| |...................---- |...%...--|..| --...---..----------- |.....--- ---- ----- ---- ----.-- --- Elenmirie the Rhizotomist St:10 Dx:9 Co:14 In:9 Wi:17 Ch:16 Neutral Dlvl:5 $:1667 HP:0(17) Pw:5(5) AC:7 Xp:1/11 T:1666 Burdened Latest messages: What do you want to write with? [- afktuwyzB or ?*] ? The engraving on the floor vanishes! You write in the dust with an aluminum wand. What do you want to write in the dust here? x What do you want to call? [bd-im-oq-twzAB or ?*] B Call an aluminum wand: van alum The cave spider misses! The cave spider bites! The cave spider bites! You stop. Coco is in the way! The cave spider bites! Coco misses the cave spider. The cave spider bites! Coco bites the cave spider. The cave spider bites Coco. Coco misses the cave spider. You see here a blindfold. You stumble into a spider web! Coco misses the cave spider. C - a blindfold. Coco misses the cave spider. The cave spider bites! Coco misses the cave spider. What do you want to adjust? [abd-uw-zA-CP or ?*] C Adjust letter to what [cvC-OQ-Z] (? see used letters)? x Swapping: x - a blindfold. Coco misses the cave spider. The cave spider bites! Coco misses the cave spider. The cave spider bites! Coco bites the cave spider. The cave spider is killed! Coco eats a cave spider corpse. You are stuck to the web. You are stuck to the web. You disentangle yourself. Coco misses the lichen. Coco misses the lichen. Coco misses the lichen. Coco misses the lichen. Coco bites the lichen. The lichen is killed! A bear trap closes on your foot! Your movements are slowed slightly because of your load. You die... Do you want your possessions identified? [ynq] (y) y Do you want to see your attributes? [ynq] (y) y Do you want an account of creatures vanquished? [ynaq] (y) y Do you want to see your conduct and achievements? [ynq] (y) y Do you want to see the dungeon overview? [ynq] (y) y Major events: Turn 1: elenmirie the neutral female gnomish Healer entered the dungeon 1028: entered the Gnomish Mines 1666: killed by a bear trap Inventory: Coins $ - 1667 gold pieces Weapons k - 15 uncursed +0 darts y - 5 uncursed +0 daggers u - an uncursed +0 elven dagger (weapon in hand) a - an uncursed +0 scalpel Armor o - an uncursed +0 orcish helm (being worn) b - an uncursed +1 pair of leather gloves (being worn) Comestibles j - 5 uncursed apples l - an uncursed food ration C - an uncursed food ration p - 2 uncursed tripe rations Scrolls q - an uncursed scroll of enchant weapon A - a cursed scroll of fire m - an uncursed scroll of identify r - a cursed scroll of teleportation Spellbooks h - a blessed spellbook of extra healing g - a blessed spellbook of healing i - a blessed spellbook of stone to flesh s - an uncursed spellbook of stone to flesh Potions e - 2 uncursed potions of extra healing d - 3 uncursed potions of healing n - an uncursed potion of object detection Rings w - an uncursed ring of searching t - an uncursed ring of slow digestion Wands B - an uncursed wand of cancellation (0:4) z - an uncursed wand of digging (0:3) f - an uncursed wand of sleep (0:7) Tools x - an uncursed blindfold P - an uncursed stethoscope Elenmirie the Healer's attributes: Background: You were a Rhizotomist, a level 1 female gnomish Healer. You were neutral, on a mission for Hermes who was opposed by Athena (lawful) and Poseidon (chaotic). You were in the Gnomish Mines, on level 5. You entered the dungeon 1666 turns ago. You had 11 experience points, 9 more were needed to attain level 2. Basics: You had 0 out of 17 hit points. You had all 5 energy points (spell power). Your armor class was 7. Your wallet contained 1667 zorkmids. Autopickup was on for '$' plus thrown. Final Characteristics: Your strength was 10 (limit:18/50). Your dexterity was 9 (base:10, limit:18). Your constitution was 14 (limit:18). Your intelligence was 9 (limit:19). Your wisdom was 17 (limit:18). Your charisma was 16 (limit:18). Final Status: You were trapped in a bear trap. You had a wounded right leg. You were not hungry. You were burdened; movement was slightly slowed. You were wielding a dagger. You were unskilled in dagger. Final Attributes: You were fervently aligned. You were poison resistant. You had infravision. You are dead. Miscellaneous: You never encountered a bones level. Total elapsed playing time was 16 minutes and 25 seconds. Vanquished creatures: a dwarf an acid blob 2 coyotes a hobbit a large kobold a giant rat a cave spider a yellow mold 3 gnomes 2 geckos 5 jackals 2 foxes a kobold a goblin a sewer rat a grid bug a bat 3 lichens a kobold zombie 4 newts 34 creatures vanquished. No species were genocided or became extinct. Voluntary challenges: You followed a strict vegan diet. You were illiterate. You never engraved Elbereth. You never genocided any monsters. You never polymorphed an object. You never changed form. You used no wishes. Achievement: You entered the Gnomish Mines. The Dungeons of Doom: levels 1 to 3 Level 1: A grave. Level 2: A sink. Stairs down to The Gnomish Mines. Level 3: An altar. The Gnomish Mines: levels 3 to 5 Level 3: Level 4: Level 5: <- You were here. Final resting place for you, killed by a bear trap. Game over: ---------- / \ / REST \ / IN \ / PEACE \ / \ | elenmirie | | 1667 Au | | killed by a bear | | trap | | | | | | 2022 | *| * * * | * _________)/\\_//(\/(/\)/\//\/|_)_______ Goodbye elenmirie the Healer... You died in The Gnomish Mines on dungeon level 5 with 290 points, and 1667 pieces of gold, after 1666 moves. You were level 1 with a maximum of 17 hit points when you died.